 Dungeon Crawl Stone Soup version 0.29-a0-219-g0a02b1cf4f (webtiles) character file.

Game seed: 12662604501189419673

6 jlumianski the Chopper (level 1, 0/16 HPs)
             Began as a Demonspawn Gladiator on Feb 26, 2022.
             Was an Initiate of Wu Jian.
             Killed from afar by a white imp (2 damage)
             ... with a puff of frost
             ... summoned by Natasha
             ... on level 2 of the Dungeon.
             The game lasted 00:01:36 (238 turns).

jlumianski the Chopper (Demonspawn Gladiator)        Turns: 238, Time: 00:01:37

Health: 0/16       AC:  4    Str: 14    XL:     1   Next: 75%
Magic:  1/1        EV: 12    Int:  9    God:    Wu Jian [......]
Gold:   15         SH:  0    Dex: 14    Spells: 0/0 levels left

rFire   . . .      SeeInvis .   a - +0 war axe
rCold   . . .      Faith    .   (no shield)
rNeg    . . .      Spirit   .   b - +0 leather armour
rPois   .          Reflect  .   c - +0 helmet
rElec   .          Harm     .   (no cloak)
rCorr   .          Rampage  .   (no gloves)
Will    .....                   (no boots)
Stlth   +.........              (no amulet)
HPRegen 0.05/turn               (no ring)
MPRegen 0.07/turn               (no ring)

@: no status effects
A: no striking features
a: Renounce Religion


You were on level 2 of the Dungeon.
You worshipped Wu Jian.
Wu Jian was noncommittal.
You visited 1 branch of the dungeon, and saw 2 of its levels.

You collected 15 gold pieces.

Inventory:

Hand Weapons
 a - a +0 war axe (weapon)
Missiles
 d - 3 throwing nets (quivered)
 e - 29 stones
Armour
 b - a +0 leather armour (worn)
 c - a +0 helmet (worn)
Potions
 f - a potion of resistance {unknown}
 g - a potion of magic {unknown}


   Skills:
 + Level 2.0 Fighting
 + Level 2.9 Axes
 + Level 1.9 Throwing
 + Level 2.7 Dodging


You couldn't memorise any spells.
You didn't know any spells.
Your spell library was empty.

Dungeon Overview and Level Annotations

Branches:
Dungeon (1/15)

Altars:
Wu Jian

Annotations:
D:2 Natasha


Message History

You kneel at the altar of Wu Jian.
You kneel at the altar of Wu Jian.
You kneel at the altar of Wu Jian.
The Council welcomes you!
You can now perform damaging attacks by moving towards foes.
You now have 15 gold pieces (gained 11).
You open the door.
There is an open door here.
You open the door.
There is an open door here.
A goblin comes into view. It is wielding a +0 club.
The goblin moves out of view.
Natasha, Servant of Life and Death comes into view.
Natasha hisses angrily.
Natasha mumbles some strange words.
You see here 12 gold pieces.
You lunge at the goblin.
You barely miss the goblin. The goblin misses you.
Natasha mumbles some strange words.
You slash the goblin!
You kill the goblin!
The Council accepts your kill.
Natasha stares at you and mumbles some strange words.
The magic dart hits you.
Natasha howls an incantation.
Natasha shimmers violently.
You slash Natasha!
Natasha is heavily wounded.
Natasha claws you.
The crimson imp laughs crazily.
Natasha claws you.
* * * LOW HITPOINT WARNING * * *
The white imp puffs mist at you.
Found an escape hatch in the floor.
Natasha wildly gestures.
You feel troubled.
Natasha mumbles some strange words.
Found a whip.
The white imp gestures at you. The puff of frost hits you.
You die...

#... ... #... .. ##..... ...#.
... # #.# #)#.#.######.###
..... .......@.5h..55+ #....
#.#.#>########.# ...#
#.#.#......#.# #..#
#.#.#.......)# ...#
#.#........$.#
...#########.###..........#
...............'............h.
...........#.###...............
._...#####+#...................


You could see Natasha, a crimson imp (summoned), a white imp (summoned) and a
shadow imp (summoned).

Vanquished Creatures
  An endoplasm (D:2)
  A goblin (D:2)
  A hobgoblin (D:2)
  A kobold (D:2)
  A rat (D:2)
5 creatures vanquished.

Notes
Turn   | Place    | Note
-------+----------+-------------------------------------------
     0 | D:1      | jlumianski the Demonspawn Gladiator began the quest for the
                  | Orb.
     0 | D:1      | Reached XP level 1. HP: 16/16 MP: 1/1
    38 | D:1      | You fall into a shaft and drop 1 floor!
   175 | D:2      | Found an ornate altar of the Wu Jian Council.
   182 | D:2      | Became a worshipper of the Wu Jian Council
   221 | D:2      | Noticed Natasha
   227 | D:2      | Noticed a crimson imp
   238 | D:2      | Killed from afar by a white imp

Illustrated notes

Levels and vault maps discovered:
D:1:      giann_wishing_wells, layout_rooms, minmay_misc_feat_plants
D:2:      minmay_alternating_diamond, layout_basic, basic_altar,
          hellmonk_ecumenical_altar_inner_sanctum, serial_shops,
          nicolae_shop_stone, uniq_natasha

Action                   || total
-------------------------++-------
Melee: War axe           ||    12
Invok: Lunge             ||     1
Armor: Leather armour    ||     3
Dodge: Dodged            ||     4

Table legend: (Time is in decaauts)
 A = Elapsed time spent in this place.
 B = Non-inter-level travel time spent in this place.
 C = Inter-level travel time spent in this place.
 D = Time resting spent in this place.
 E = Time spent auto-exploring this place.
 F = Levels seen in this place.
 G = Mean time per level.
                   A        B        C        D        E       F      G
               +--------+--------+--------+--------+--------+-----+--------+
         Total |    241 |    241 |      0 |      0 |    131 |   2 |  120.5 |
       Dungeon |    241 |    241 |      0 |      0 |    131 |   2 |  120.5 |
               +--------+--------+--------+--------+--------+-----+--------+

Top non-repeatable levels by time:
     D:2: 203 daAuts
     D:1: 38 daAuts
